 Dungeon Crawl Stone Soup version 0.20.1-1-g8b1a95d (webtiles) character file.

1338 Peloso the Slasher (level 8, -3/70 HPs)
             Began as a Minotaur Fighter on July 7, 2017.
             Was a Priest of Okawaru.
             Slain by a sky beast (6 damage)
             ... on level 6 of the Dungeon.
             The game lasted 00:10:27 (5000 turns).

Peloso the Slasher (Minotaur Fighter)               Turns: 5000, Time: 00:10:28

Health: -3/70      AC: 11    Str: 22    XL:     8   Next: 35%
Magic:  7/7        EV:  7    Int:  5    God:    Okawaru [***...]
Gold:   325        SH: 10    Dex: 11    Spells: 7/7 levels left

rFire    x . .     SeeInvis .   a - +0 long sword
rCold    + . .     Gourm    .   c - +0 shield
rNeg     . . .     Faith    .   B - +0 chain mail
rPois    .         Spirit   .   (helmet restricted)
rElec    .         Reflect  .   (no cloak)
rCorr    .         Harm     .   G - +0 pair of gloves
MR       .....                  (no boots)
Stlth    ..........             (no amulet)
Regen    0.3/turn               l - ring of wizardry
MPRegen  0.1/turn               s - ring of ice

@: lethally poisoned (-3 -> -5)
A: retaliatory headbutt, horns 2
a: Heroism, Renounce Religion


You were on level 6 of the Dungeon.
You worshipped Okawaru.
Okawaru was most pleased with you.
You were not hungry.

You visited 1 branch of the dungeon, and saw 6 of its levels.
You also visited: Ossuary.

You collected 325 gold pieces.

Inventory:

Hand Weapons
 a - a +0 long sword (weapon)
 o - a cursed -2 dagger
 J - a +2 halberd of flaming
Armour
 c - a +0 shield (worn)
 B - a +0 chain mail (worn)
 G - a +0 pair of gloves (worn)
Jewellery
 l - a ring of wizardry (left hand)
 q - an uncursed amulet of magic regeneration {unknown}
 s - a ring of ice (right hand)
 u - an uncursed ring of wizardry
Wands
 F - a wand of random effects (33/48)
 I - a wand of flame (24/48)
Scrolls
 h - 5 scrolls of remove curse
 m - 2 scrolls of teleportation
 p - 2 scrolls of identify
 x - a scroll of fog {unknown}
 y - a scroll of enchant armour {unknown}
Potions
 b - 2 potions of cancellation
 d - a potion of might
 e - 6 potions of heal wounds {unknown}
 g - 7 potions of curing {unknown}
 i - 2 potions of berserk rage {unknown}
 j - 3 potions of brilliance {unknown}
 k - 2 potions of mutation {unknown}
 n - a potion of flight {unknown}
 r - a potion of resistance {unknown}
 t - a potion of ambrosia {unknown}
 w - a potion of invisibility {unknown}
 A - a potion of lignification {unknown}
 C - a potion of magic {unknown}
 D - a potion of agility {unknown}
 E - 2 potions of haste
Books
 z - a book of Conjurations

   Spells                             Type                      Level
   a - Magic Dart                     Conjuration                  1
   b - Searing Ray                    Conjuration                  2
   c - Dazzling Spray                 Conjuration/Hexes            3
   d - Fulminant Prism                Conjuration/Hexes            4
   e - Force Lance                    Conjuration/Translocation    4
   f - Iskenderun's Mystic Blast      Conjuration                  4
Comestibles
 f - 3 bread rations
 v - 2 meat rations
 H - 2 chunks of flesh


   Skills:
 + Level 5.9 Fighting
 + Level 7.6 Long Blades
 + Level 6.4 Armour
 + Level 2.7 Dodging
 + Level 1.2 Stealth
 + Level 6.6 Shields
 + Level 0.2 Invocations


You had 7 spell levels left.
You didn't know any spells.

Dungeon Overview and Level Annotations

Branches:
Dungeon (6/15)
 Temple: D:4-7

Altars:
Ashenzari
Okawaru


Innate Abilities, Weirdness & Mutations

You reflexively headbutt those who attack you in melee.
You have a pair of horns on your head.


Message History

* * * LOW HITPOINT WARNING * * *
Something shocks you.
* * * LOW HITPOINT WARNING * * *
Unknown command.
You closely miss something. Your headbutt misses something.
You feel sick. Something hits you.
* * * LOW HITPOINT WARNING * * *
Something shocks you.
* * * LOW HITPOINT WARNING * * *
Unknown command.
You miss something.
You feel sick. Something hits you but does no damage.
Unknown command.
You miss something. Your headbutt misses something.
Something hits you but does no damage.
Unknown command.
You closely miss something. Your headbutt misses something.
You feel sick. Something hits you.
* * * LOW HITPOINT WARNING * * *
Something shocks you.
You die...

#......# ......##
....... ..... #.
.... #.. #.. #...
#†# #... #@# #.
...###{# #.
#.#..≈# #..
#...#######
###.####..##....{
.............#
#...##..####
.##.....# ##.##.#


There were no monsters in sight!

Vanquished Creatures
  A wyvern (D:4)
  3 ogres
  A bullfrog (D:6)
  A scorpion (D:6)
  A water moccasin zombie (Ossuary)
  A howler monkey (D:5)
  A crimson imp (D:5)
  4 hounds
  2 orc priests (D:4)
  An iguana (D:4)
  Natasha (twice) (D:4)
  3 orc wizards
  2 worker ants
  A big kobold zombie (Ossuary)
  Robin (D:2)
  A hound skeleton (D:4)
  2 mummies (Ossuary)
  4 gnolls
  4 adders
  An ooze (D:2)
  5 adder zombies (Ossuary)
  An adder skeleton (D:5)
  5 worms
  3 dart slugs
  4 leopard geckos
  13 orcs
  5 giant cockroaches
  20 goblins
  6 hobgoblins
  6 jackals
  2 quokkas
  A ball python skeleton (D:4)
  9 bats
  8 frilled lizards
  4 gnoll zombies (Ossuary)
  4 hobgoblin zombies (Ossuary)
  12 kobolds
  4 kobold zombies (Ossuary)
  6 orc zombies (Ossuary)
  8 rats
163 creatures vanquished.

Notes
Turn   | Place    | Note
-------+----------+-------------------------------------------
     0 | D:1      | Peloso the Minotaur Fighter began the quest for the Orb.
     0 | D:1      | Reached XP level 1. HP: 19/19 MP: 0/0
   207 | D:1      | Reached XP level 2. HP: 27/27 MP: 1/1
   623 | D:2      | Reached skill level 3 in Long Blades
   640 | D:2      | Reached XP level 3. HP: 33/33 MP: 2/2
   737 | D:2      | Found an iron altar of Okawaru.
   753 | D:2      | Became a worshipper of Warmaster Okawaru
   866 | D:2      | Reached XP level 4. HP: 40/40 MP: 3/3
   941 | D:2      | Noticed Robin
   963 | D:2      | Killed Robin
  1257 | D:3      | Reached skill level 4 in Long Blades
  1383 | D:3      | Reached XP level 5. HP: 44/47 MP: 4/4
  1399 | D:3      | Noticed an ogre
  1407 | D:3      | Killed an ogre
  1407 | D:3      | Reached skill level 1 in Dodging
  1585 | D:3      | Found a faded altar of an unknown god.
  1906 | D:4      | Reached XP level 6. HP: 53/53 MP: 5/5
  1936 | D:4      | Reached * piety under Okawaru
  2246 | D:4      | Reached skill level 5 in Long Blades
  2246 | D:4      | Reached skill level 5 in Armour
  2393 | D:4      | Reached skill level 5 in Shields
  2674 | D:4      | Reached skill level 5 in Fighting
  3049 | D:4      | Noticed a wyvern
  3059 | D:4      | Reached ** piety under Okawaru
  3059 | D:4      | Reached skill level 1 in Stealth
  3059 | D:4      | Reached XP level 7. HP: 48/61 MP: 3/6
  3064 | D:4      | Killed a wyvern
  3064 | D:4      | Reached skill level 6 in Long Blades
  3119 | D:4      | Noticed Natasha
  3124 | D:4      | Killed Natasha
  3283 | D:4      | Noticed Natasha
  3292 | D:4      | Killed Natasha
  3355 | D:5      | Entered Level 5 of the Dungeon
  3520 | D:5      | Found a sand-covered staircase.
  3525 | Ossuary  | Entered an ossuary
  3585 | Ossuary  | Reached skill level 7 in Long Blades
  3827 | Ossuary  | Reached XP level 8. HP: 33/70 MP: 7/7
  4525 | D:5      | Found a shattered altar of Ashenzari.
  4963 | D:6      | Reached *** piety under Okawaru
  5000 | D:6      | HP: 3/70 [something (1)]
  5000 | D:6      | Slain by a sky beast

Skill      XL: |  1  2  3  4  5  6  7  8 |
---------------+-------------------------+-----
Armour         | 4 5 6 |  6.4
Fighting       | 4 5 |  5.9
Long Blades    | 3 4 5 7 |  7.6
Shields        | 4 5 6 |  6.6
Dodging        | 1 2 |  2.7
Stealth        | 1 |  1.2
Invocations    | |  0.2

Action                   |  1- 3 |  4- 6 |  7- 9 || total
-------------------------+-------+-------+-------++-------
Melee: Long sword        |    83 |   148 |   218 ||   449
       Headbutt          |    11 |    24 |    42 ||    77
Invok: Heroism           |       |     1 |       ||     1
  Use: Potion            |       |     1 |       ||     1
       Scroll            |       |       |     7 ||     7
 Stab: Sleeping          |       |     1 |       ||     1
  Eat: Chunk             |       |     6 |     6 ||    12
       Royal jelly       |       |       |     1 ||     1
Armor: Scale mail        |    37 |    52 |       ||    89
       Chain mail        |       |       |    95 ||    95
Dodge: Dodged            |    29 |    58 |    51 ||   138
Block: Shield            |    46 |    94 |   108 ||   248
       Rpst.: Long sword |     9 |    13 |    10 ||    32
